 Dungeon Crawl Stone Soup version 0.31-a0-216-g22e908daa7 (webtiles) character file.

Game seed: 8922349035972172519

147 qw the Shooter (level 5, 0/30 HPs)
             Began as a Gargoyle Hexslinger on July 2, 2023.
             Slain by Pikel
             ... wielding a +0 whip of freezing
              (5 damage)
             ... on level 4 of the Dungeon.
             The game lasted 00:00:56 (2266 turns).

qw the Shooter (Gargoyle Hexslinger)                Turns: 2266, Time: 00:00:57

Health: 0/30       AC:  8    Str: 11    XL:     5   Next: 29%
Magic:  6/6        EV: 11    Int: 14    God:
Gold:   86         SH:  0    Dex: 14    Spells: 5/6 levels left

rFire   . . .        Y - +1 sling (flame)
rCold   . . .        (no shield)
rNeg    + . .        e - +1 leather armour {rPois}
rPois   inf          (no helmet)
rElec   +            (no cloak)
rCorr   .            (no gloves)
SInv    .            (no boots)
Will    .....        (no amulet)
Stlth   +            (no ring)
HPRegen 0.25/turn    (no ring)
MPRegen 0.10/turn

%: no passive effects
@: no status effects
A: sickness immunity, AC +4, negative energy resistance 1, electricity
resistance, torment resistance 1, petrification resistance
a: no special abilities


You were on level 4 of the Dungeon.
You visited 1 branch of the dungeon, and saw 4 of its levels.

You collected 86 gold pieces.


Innate Abilities, Weirdness & Mutations

You are immune to sickness and miasma.
Your stone body is resilient. (AC +4)
You are immune to poison.
You resist negative energy. (rN+)
You are resistant to electric shocks. (rElec)
You are resistant to unholy torment.
You are immune to petrification.


   Skills:
 + Level 2.2 Fighting
 - Level 5.0 Ranged Weapons
 - Level 1.5 Dodging
 - Level 1.0 Spellcasting
 - Level 2.6 Hexes


You had 5 spell levels left.
You knew the following spells:

 Your Spells              Type           Power      Damage    Failure   Level
a - Slow                  Hex            32%        N/A       12%         1

Your spell library contained the following spells:

 Spells                   Type           Power      Damage    Failure   Level
 Inner Flame              Hex/Fire       4%         N/A       52%         3
 Portal Projectile        Hex/Tloc       8%         N/A       52%         3
 Cause Fear               Hex            4%         N/A       75%         4

Inventory:

Hand Weapons
 Y - a +1 sling of flaming (weapon)
Armour
 b - a +2 helmet
 e - a +1 leather armour of poison resistance (worn)
 l - a +0 pair of gloves
Jewellery
 i - a ring of fire
Scrolls
 a - a scroll of identify
Potions
 c - a potion of mutation {unknown}
 f - a potion of might {unknown}
 h - a potion of berserk rage {unknown}
 j - a potion of brilliance {unknown}
 n - a potion of curing {unknown}

Dungeon Overview and Level Annotations

Branches:
Dungeon (4/15)
 Temple: D:4-7

Altars:

Annotations:
D:4 Pikel


Message History

Pikel is moderately wounded.
Pikel hits you but does no damage.
You shoot a sling bullet. The sling bullet barely misses Pikel.
Pikel barely misses you.
You shoot a sling bullet.
The sling bullet hits Pikel but does no damage.
Pikel is moderately wounded.
Pikel misses you.
You shoot a sling bullet. The sling bullet closely misses Pikel.
Pikel closely misses you.
Pikel hits you with a +0 whip of freezing!
Pikel freezes you.
You shoot a sling bullet.
The sling bullet hits Pikel but does no damage.
Pikel is moderately wounded.
Pikel hits you with a +0 whip of freezing.
Pikel freezes you.
You shoot a sling bullet. The sling bullet hits Pikel.
The sling bullet burns Pikel.
Pikel is heavily wounded.
Pikel hits you with a +0 whip of freezing.
Pikel freezes you.
You shoot a sling bullet.
The sling bullet hits Pikel but does no damage.
Pikel is heavily wounded.
Pikel hits you with a +0 whip of freezing.
Pikel freezes you.
You shoot a sling bullet. The sling bullet barely misses Pikel.
Pikel hits you but does no damage. x2
You shoot a sling bullet. The sling bullet hits Pikel.
The sling bullet burns Pikel.
Pikel is heavily wounded.
Pikel barely misses you.
You shoot a sling bullet. The sling bullet barely misses Pikel.
Pikel hits you but does no damage.
You shoot a sling bullet. The sling bullet hits Pikel.
The sling bullet burns Pikel.
Pikel is severely wounded.
Pikel hits you with a +0 whip of freezing.
You die...

##########
#.@...<..#
#K########
#5 .. .#.
#.#. # #.
#.


You could see Pikel and a lemure.

Vanquished Creatures
  Natasha (twice) (D:2)
  Robin (D:2)
  An adder (D:3)
  A worm (D:2)
  3 dart slugs (D:1)
  3 orcs (D:3)
  5 bats
  6 endoplasms
  4 giant cockroaches
  15 goblins
  2 hobgoblins (D:2)
  2 quokkas
  6 ball pythons
  3 frilled lizards
  3 kobolds
  7 rats
64 creatures vanquished.

Notes
Turn   | Place    | Note
-------+----------+-------------------------------------------
     0 | D:1      | qw the Gargoyle Hexslinger began the quest for the Orb.
     0 | D:1      | Reached XP level 1. HP: 12/12 MP: 2/2
     0 | D:1      | 0 ||| qw: Version: 0.3-a-37-gdb0280a
     0 | D:1      | 0 ||| qw: Game counter: 7863
     0 | D:1      | 0 ||| qw: Melee chars always use a shield: true
     0 | D:1      | 0 ||| qw: God list: Okawaru
     0 | D:1      | 0 ||| qw: Allow faded altars: false
     0 | D:1      | 0 ||| qw: Do Orc after clearing Dungeon:15 true
     0 | D:1      | 0 ||| qw: Do second Lair branch before Depths: true
     0 | D:1      | 0 ||| qw: Lair rune preference: random
     0 | D:1      | 0 ||| qw: Goals: Normal
     0 | D:1      | 0 ||| PLANNING D:1-11
   130 | D:1      | Reached XP level 2. HP: 16/16 MP: 3/3
   229 | D:1      | Reached skill level 3 in Ranged Weapons
   320 | D:1      | 320 ||| UPGRADING to +1 leather armour of poison
                  | resistance.
   327 | D:1      | 327 ||| UPGRADING to +1 leather armour of poison
                  | resistance.
   337 | D:1      | 337 ||| DROPPING +0 robe.
   373 | D:1      | Reached XP level 3. HP: 21/21 MP: 4/4
   688 | D:1      | 688 ||| READING scroll labelled BUCKUAH XOSO.
   689 | D:1      | 689 ||| READING scroll labelled LOLERCH QIGEH.
   690 | D:1      | 690 ||| DROPPING scroll of poison.
   785 | D:2      | 785 ||| SWAPPING to +1 sling of flaming.
   786 | D:2      | 786 ||| DROPPING +1 sling.
   817 | D:2      | Reached XP level 4. HP: 19/26 MP: 5/5
   819 | D:2      | Noticed Robin
   822 | D:2      | Killed Robin
   823 | D:2      | Reached skill level 4 in Ranged Weapons
   826 | D:2      | 826 ||| FLEEEEING.
   827 | D:2      | 827 ||| FLEEEEING.
   828 | D:2      | 828 ||| FLEEEEING.
   829 | D:2      | 829 ||| FLEEEEING.
   830 | D:2      | 830 ||| FLEEEEING.
   831 | D:2      | 831 ||| FLEEEEING.
   832 | D:2      | 832 ||| FLEEEEING.
   833 | D:2      | 833 ||| FLEEEEING.
   834 | D:2      | 834 ||| FLEEEEING.
   835 | D:2      | 835 ||| FLEEEEING.
   836 | D:2      | 836 ||| FLEEEEING.
   837 | D:2      | 837 ||| FLEEEEING.
   838 | D:2      | 838 ||| FLEEEEING.
   839 | D:2      | 839 ||| FLEEEEING.
   840 | D:2      | 840 ||| FLEEEEING.
   841 | D:2      | 841 ||| FLEEEEING.
   842 | D:2      | 842 ||| FLEEEEING.
   844 | D:2      | 844 ||| FLEEEEING.
   845 | D:2      | 845 ||| FLEEEEING.
   846 | D:2      | 846 ||| FLEEEEING.
   847 | D:2      | 847 ||| FLEEEEING.
   848 | D:2      | 848 ||| STAIRDANCE
   861 | D:1      | 861 ||| READING scroll labelled KAHOUD QU KUIS.
  1014 | D:2      | Noticed Natasha
  1016 | D:2      | 1016 ||| Stepping ~*~*~tactically~*~*~ (outnumbered).
  1017 | D:2      | 1017 ||| Stepping ~*~*~tactically~*~*~ (outnumbered).
  1025 | D:2      | Killed Natasha
  1085 | D:2      | Found a faded altar of an unknown god.
  1331 | D:2      | Noticed Natasha
  1333 | D:2      | 1333 ||| FLEEEEING.
  1334 | D:2      | 1334 ||| FLEEEEING.
  1338 | D:2      | 1338 ||| FLEEEEING.
  1339 | D:2      | 1339 ||| FLEEEEING.
  1345 | D:2      | Killed Natasha
  1346 | D:2      | Reached XP level 5. HP: 18/30 MP: 6/6
  1349 | D:2      | 1349 ||| STAIRDANCE
  1392 | D:1      | 1392 ||| READING scroll labelled CEASKO NYQEF.
  1655 | D:3      | Reached skill level 5 in Ranged Weapons
  2213 | D:3      | 2213 ||| READING scroll labelled ZOKOFRIEDDI.
  2214 | D:3      | 2214 ||| READING scroll labelled CIUWUOFOSI.
  2215 | D:3      | 2215 ||| READING scroll labelled GOTACW ROS MYRUTT.
  2216 | D:3      | 2216 ||| DRINKING 2 red potions.
  2237 | D:4      | Noticed a lemure
  2239 | D:4      | Noticed Pikel
  2254 | D:4      | HP: 7/30 [Pikel/+0 whip of freezing (1)]
  2255 | D:4      | 2255 ||| DRINKING potion of heal wounds.
  2262 | D:4      | HP: 6/30 [Pikel/+0 whip of freezing (3)]
  2266 | D:4      | Slain by Pikel

Levels and vault maps discovered:
D:1:      dreamdust_arrival_beginning_and_end, layout_basic, minivault_23,
          nicolae_concentric_dashed_squares_wild
D:2:      layout_loops_cross, shapermc_ecumenical_altar_totnotflames,
          uniq_robin, uniq_natasha
D:3:      layout_basic
D:4:      layout_basic, nzn_overflow_gifts_of_might_and_magic,
          hangedman_abyss_or_decor_jellyfish_corner, chequers_arboretum,
          minmay_gold_behind_fungi, uniq_duvessa, uniq_pikel

Skill      XL: |  1  2  3  4  5 |
---------------+----------------+-----
Ranged Weapons | 3 4 5 |  5.0
Fighting       | 2 |  2.2
Dodging        | |  1.5
Spellcasting   | |  1.0
Hexes          | |  2.6

Action                     |  1- 3 |  4- 6 || total
---------------------------+-------+-------++-------
   Fire: Sling             |   115 |    94 ||   209
    Use: Scroll            |     2 |     5 ||     7
         Potion            |       |     2 ||     2
 Armour: Robe              |    12 |       ||    12
         Leather armour    |     6 |    26 ||    32
  Dodge: Dodged            |    30 |    26 ||    56

Table legend:
 A = Non-vault XP
 B = Vault XP
 C = Vault XP percentage of total XP
 D = Non-vault monster count
 E = Vault monster count
 F = Vault count percentage of total count
                 A         B        C        D         E       F
            +---------+---------+-------+---------+---------+-------
      Total |     140 |      71 |  33.6 |      52 |      12 |  18.8
            +---------+---------+-------+---------+---------+-------
        D:1 |      48 |       0 |   0.0 |      24 |       0 |   0.0
        D:2 |      59 |      71 |  54.6 |      16 |      12 |  42.9
        D:3 |      33 |       0 |   0.0 |      12 |       0 |   0.0
            +---------+---------+-------+---------+---------+-------
